 Dungeon Sprint DCSS version 0.28-a0-872-g80cf8599ee (webtiles) character file.

Game seed: 13691542808854407913

21 tatocazan the Skirmisher (level 2, -1/23 (25) HPs)
             Began as a Demonspawn Fighter on Nov 20, 2021.
             Slain by a necrophage (3 damage)
             ... in the Dungeon (Sprint IX: "|||||||||||||||||||||||||||||").
             The game lasted 00:00:23 (149 turns).

tatocazan the Skirmisher (Demonspawn Fighter)        Turns: 149, Time: 00:00:23

HP:   -1/23 (25)    AC:  6    Str: 16    XL:     2   Next: 62%
MP:   2/2           EV:  9    Int:  9    God:
Gold: 0             SH:  4    Dex: 12    Spells: 1/1 levels left

rFire   . . .      SeeInvis .   a - +0 long sword
rCold   . . .      Faith    .   c - +0 buckler
rNeg    . . .      Spirit   .   b - +0 scale mail
rPois   .          Reflect  .   (no helmet)
rElec   .          Harm     .   (no cloak)
rCorr   .          Rampage  .   (no gloves)
Will    .....      NoTele   +   (no boots)
Stlth   ..........              (no amulet)
HPRegen 0.07/turn               (no ring)
MPRegen 0.08/turn               (no ring)

@: hasted, drained, very quick
A: foul stench 1
a: no special abilities


You were in the Dungeon.
You visited 1 branch

Inventory:

Hand Weapons
 a - a +0 long sword (weapon)
Armour
 b - a +0 scale mail (worn)
 c - a +0 buckler (worn)
Scrolls
 j - a scroll of blinking
Potions
 d - a potion of might
 e - a potion of curing
 h - 2 potions of magic
 i - a potion of berserk rage


   Skills:
 + Level 4.0 Fighting
 + Level 3.0 Long Blades
 + Level 3.6 Armour
 + Level 3.6 Shields


You had one spell level left.
You didn't know any spells.
Your spell library was empty.

Dungeon Overview and Level Annotations

Branches:
Dungeon (1/1)

Altars:


Innate Abilities, Weirdness & Mutations

You may rarely emit foul miasma when damaged in melee.


Message History

You take 1 damage, and have 11/18 hp.
You closely miss the ufetubus. The ufetubus hits you.
The ufetubus completely misses you.
The ufetubus hits you but does no damage. x2
You take 2 damage, and have 9/18 hp.
You slash the ufetubus!
You kill the ufetubus!
You have reached level 2!
Your demonic ancestry asserts itself...
You begin to emit a foul stench of rot and decay.
You regained 4 hp, and now have 13/25 hp.
MP restored: 2 You slash the gnoll!
The gnoll is heavily wounded.
The gnoll hits you with a +0 club.
You take 3 damage, and have 10/25 hp.
You hit the gnoll but do no damage.
The gnoll is heavily wounded.
You slash the gnoll!
You kill the gnoll!
Your Fighting skill increases to level 4!
Your Long Blades skill increases to level 3!
You slash the necrophage!
The necrophage is moderately damaged.
The necrophage hits you.
You feel drained.
You emit a cloud of foul miasma!
You take 2 damage, and have 8/24 hp.
You hit the necrophage.
The necrophage is heavily damaged.
You block the necrophage's attack.
You barely miss the necrophage.
The necrophage is heavily damaged.
The necrophage hits you.
* * * LOW HITPOINT WARNING * * *
You feel drained.
* * * LOW HITPOINT WARNING * * *
You take 7 damage, and have 2/23 hp.
MASSIVE DAMAGE!!
You hit the necrophage.
The necrophage is severely damaged.
The necrophage hits you.
You die...

▓+▓
▓.▓
▓.▓
▓.▓
▓J▓
▓h▓
▓n▓
▓@▓
▓.▓
▓.▓
▓.▓
▓.▓
▓)▓
▓.▓
▓.▓
▓.▓


You could see a necrophage, a hound and a jelly.

Vanquished Creatures
  A gnoll (D)
  An ufetubus (D)
  An endoplasm (D)
  A goblin (D)
  A jackal (D)
  2 rats (D)
7 creatures vanquished.

Notes
Turn   | Place    | Note
-------+----------+-------------------------------------------
     0 | D        | tatocazan the Demonspawn Fighter began the quest for the
                  | Orb.
     0 | D        | Reached XP level 1. HP: 18/18 MP: 1/1
   132 | D        | Noticed a jelly
   132 | D        | Noticed a hound
   132 | D        | Noticed a necrophage
   143 | D        | Gained mutation: You may rarely emit foul miasma when
                  | damaged in melee. [demonic ancestry]
   143 | D        | Reached XP level 2. HP: 13/25 MP: 2/2
   146 | D        | Reached skill level 4 in Fighting
   149 | D        | Slain by a necrophage

Illustrated notes

Levels and vault maps discovered:
D:        linesprint [early_d, line_temple, items_1, d_10, items_2, lair_1,
          lair_end, items_3, orc_1, orc_end, items_4, d_15, swamp_1, shoals_1,
          snake_1, spider_1, d_20, vaults_1, items_5, swamp_end, shoals_end,
          snake_end, spider_end, vaults_end, d_27, items_6, zot_1, zot_end,
          crypt_end, forest_end, elf_end, slime_end, tomb_end, abyss_end,
          pan_hell_end]

Skill      XL: |  1  2 |
---------------+-------+-----
Long Blades    | 2 3 |  3.0
Armour         | 3 |  3.6
Shields        | 3 |  3.6
Fighting       | 4 |  4.0

Action                   || total
-------------------------++-------
Melee: Long sword        ||    30
  Use: Potion            ||     2
Armor: Scale mail        ||    12
Dodge: Dodged            ||    16
Block: Buckler           ||     5

Table legend: (Time is in decaauts)
 A = Elapsed time spent in this place.
 B = Non-inter-level travel time spent in this place.
 C = Inter-level travel time spent in this place.
 D = Time resting spent in this place.
 E = Time spent auto-exploring this place.
 F = Levels seen in this place.
 G = Mean time per level.
                   A        B        C        D        E       F      G
               +--------+--------+--------+--------+--------+-----+--------+
         Total |    153 |    153 |      0 |    107 |      3 |   1 |  153.0 |
       Dungeon |    153 |    153 |      0 |    107 |      3 |   1 |  153.0 |
               +--------+--------+--------+--------+--------+-----+--------+

Top non-repeatable levels by time:
       D: 153 daAuts
